 Dungeon Crawl Stone Soup version 0.30.1-3-gfc49f6343a (webtiles) character file.

Game seed: 7572830613589694165

333 Inchmeat the Trooper (level 6, -5/55 HPs)
             Began as a Demonspawn Monk on July 25, 2023.
             Slain by Edmund
             ... wielding a +0 heavy dire flail
              (19 damage)
             ... on level 4 of the Dungeon.
             The game lasted 00:05:30 (3033 turns).

Inchmeat the Trooper (Demonspawn Monk)              Turns: 3033, Time: 00:05:30

Health: -5/55      AC: 12    Str: 11    XL:     6   Next: 27%
Magic:  6/6        EV: 13    Int: 20    God:
Gold:   165        SH:  0    Dex: 15    Spells: 5/6 levels left

rFire   . . .        x - +1 dagger (protect)
rCold   . . .        d - orb {light}
rNeg    . . .        c - +1 robe {Will+}
rPois   .            n - +0 hat
rElec   .            (no cloak)
rCorr   .            (no gloves)
SInv    .            (no boots)
Will    +....        (no amulet)
Stlth   +            j - +4 ring of slaying
HPRegen 0.29/turn    r - +6 ring of intelligence
MPRegen 0.10/turn

%: no passive effects
@: sanguine armoured, glowing
A: sanguine armour 2
a: no special abilities


You were on level 4 of the Dungeon.
You visited 1 branch of the dungeon, and saw 4 of its levels.

You collected 165 gold pieces.

Inventory:

Hand Weapons
 x - a +1 dagger of protection (weapon)
Missiles
 a - 2 throwing nets
 e - 4 poisoned darts (quivered)
Armour
 c - a +1 robe of willpower (worn)
 d - an orb of light (worn)
 n - a +0 hat (worn)
Jewellery
 j - a +4 ring of slaying (left hand)
 r - a +6 ring of intelligence (right hand)
Wands
 t - a wand of flame (7)
Scrolls
 b - a scroll of magic mapping {unknown}
 h - 2 scrolls of poison {unknown}
 i - 2 scrolls of teleportation {unknown}
 m - 2 scrolls of identify {unknown}
 s - a scroll of vulnerability {unknown}
 u - a scroll of fog {unknown}
 v - a scroll of fear {unknown}
Potions
 f - a potion of flight {unknown}
 k - 4 potions of curing {unknown}
 l - a potion of heal wounds {unknown}
 o - a potion of lignification {unknown}
 p - 2 potions of cancellation {unknown}
 q - a potion of resistance {unknown}
 w - a potion of mutation {unknown}


   Skills:
 * Level 7.0 Fighting
 - Level 2.7 Maces & Flails
 - Level 2.7 Dodging
 + Level 0.6 Spellcasting


You had 5 spell levels left.
You knew the following spells:

 Your Spells              Type           Power      Damage    Failure   Level
a - Magic Dart            Conj           0%         1d3       19%         1

Your spell library contained the following spells:

 Spells                   Type           Power      Damage    Failure   Level
 Apportation              Tloc           0%         N/A       19%         1
 Searing Ray              Conj           0%         2d4       28%         2
 Animate Dead             Necr           0%         N/A       88%         4
 Fulminant Prism          Conj/Hex       0%         3d5       88%         4
 Alistair's Intoxication  Tmut/Pois      0%         N/A       99%         5
 Haunt                    Necr/Summ      0%         N/A       100%        7
 Infestation              Necr           0%         N/A       100%        8


Dungeon Overview and Level Annotations

Branches:
Dungeon (4/15)             Temple (0/1) D:4

Altars:
Hepliaklqana
Qazlal
Vehumet
Yredelemnul

Shops:
D:4 =

Annotations:
D:4 Edmund


Innate Abilities, Weirdness & Mutations

When seriously injured, your blood forms thick armour. (AC +9)


Message History

Edmund hits you with a +0 heavy dire flail!
You hit Edmund.
Edmund is moderately wounded.
Edmund hits you with a +0 heavy dire flail.
You hit Edmund.
Edmund is heavily wounded.
You hit Edmund.
Edmund is heavily wounded.
Edmund misses you.
You hit Edmund but do no damage.
Edmund is heavily wounded.
Edmund closely misses you.
You hit Edmund.
Edmund is severely wounded.
You completely miss Edmund.
Edmund is severely wounded.
Edmund hits you with a +0 heavy dire flail!
Your blood congeals into armour.
You hit Edmund.
Edmund is severely wounded.
Edmund hits you but does no damage.
You barely miss Edmund.
Edmund is severely wounded.
You hit Edmund but do no damage.
Edmund is severely wounded.
Edmund hits you with a +0 heavy dire flail!
* * * LOW HITPOINT WARNING * * *
Okay, then.
Edmund attacks as you move away! Edmund hits you but does no damage.
There is an open door here.
Aiming: Throw Flame
Press: ? - help, Shift-Dir - straight line, f - Edmund
Aim: Edmund, wielding a +0 heavy dire flail and wearing a +0 ring mail (severely wounded, haloed, 82% to hit)
The puff of flame hits Edmund.
Edmund is severely wounded.
Okay, then.
Edmund attacks as you move away! Edmund hits you but does no damage.
Edmund attacks as you move away! Edmund barely misses you.
Edmund hits you with a +0 heavy dire flail!!
You die...

#.# #.#
##'##
##...##
##.....##
##.(.....##
#.........#
+.........+
#....@....#
##...@...##
##.....##
##...##
##'##
#..######
#.......#
#...#...#
....... ..#


You could see Edmund.

Vanquished Creatures
  Sigmund (D:2)
  A hound (D:4)
  3 gnolls (D:4)
  4 adders
  An ufetubus (D:3)
  A worm (D:4)
  A dart slug (D:1)
  5 orcs (D:4)
  6 endoplasms
  2 giant cockroaches (D:2)
  10 hobgoblins
  10 kobolds
  2 quokkas
  7 ball pythons
  10 bats
  6 frilled lizards
  5 goblins
  3 rats
78 creatures vanquished.

Notes
Turn   | Place    | Note
-------+----------+-------------------------------------------
     0 | D:1      | Inchmeat the Demonspawn Monk began the quest for the Orb.
     0 | D:1      | Reached XP level 1. HP: 18/18 MP: 1/1
   348 | D:1      | Gained mutation: When seriously injured, your blood forms
                  | armour. (AC +9) [demonic ancestry]
   348 | D:1      | Reached XP level 2. HP: 24/24 MP: 2/2
   676 | D:1      | Reached skill level 4 in Fighting
   804 | D:2      | Found a basalt altar of Yredelemnul.
   824 | D:2      | Reached XP level 3. HP: 8/30 MP: 3/3
  1478 | D:2      | Noticed Sigmund
  1502 | D:2      | Killed Sigmund
  1503 | D:2      | Reached skill level 6 in Fighting
  1503 | D:2      | Reached XP level 4. HP: 40/40 MP: 4/4
  1503 | D:2      | Reached XP level 5. HP: 46/46 MP: 5/5
  2184 | D:3      | Found a hazy altar of Hepliaklqana.
  2388 | D:4      | Found Awuutuys's Jewellery Shoppe.
  2476 | D:4      | Found a stormy altar of Qazlal.
  2613 | D:4      | Gained mutation: When seriously injured, your blood forms
                  | thick armour. (AC +9) [demonic ancestry]
  2613 | D:4      | Reached XP level 6. HP: 34/53 MP: 6/6
  2788 | D:3      | Learned a level 1 spell: Magic Dart
  2844 | D:4      | Found a staircase to the Ecumenical Temple.
  2960 | D:4      | Found a radiant altar of Vehumet.
  3006 | D:4      | Noticed Edmund
  3013 | D:4      | Reached skill level 7 in Fighting
  3033 | D:4      | Slain by Edmund

Illustrated notes

Levels and vault maps discovered:
D:1:      dpeg_arrival_stonehenge_8_columns, layout_basic
D:2:      layout_basic, basic_altar, serial_bayou_pond_a, minmay_lizard_pond,
          uniq_sigmund
D:3:      layout_loops_cross, nicolae_tso_swordbearing_angel,
          mainiacjoe_overflow_24_doors
D:4:      layout_loops_corners, grunt_qazlal_sundering, vehumet_altar_wand_db,
          minmay_temple_entry_wispy, serial_shops, shop, uniq_edmund

Skill      XL: |  1  2  3  4  5  6 |
---------------+-------------------+-----
Fighting       | 4 6 7 |  7.0
Maces & Flails | |  2.7
Dodging        | |  2.7
Spellcasting   | |  0.6

Action                     |  1- 3 |  4- 6 || total
---------------------------+-------+-------++-------
  Melee: Mace              |   115 |    62 ||   177
         Dagger            |       |    36 ||    36
   Cast: Magic Dart        |       |     1 ||     1
  Evoke: Wand              |       |     1 ||     1
    Use: Potion            |     1 |       ||     1
 Armour: Robe              |    29 |    16 ||    45
  Dodge: Dodged            |    99 |    63 ||   162
